 Dungeon Crawl Stone Soup version 0.19.1-1-g22dce08 (webtiles) character file.

60 ponk the Conjurer (level 3, -3/16 HPs)
             Began as a Spriggan Conjurer on Jan 9, 2017.
             Killed from afar by Sigmund (11 damage)
             ... with a puff of flame
             ... on level 4 of the Dungeon.
             The game lasted 00:10:11 (2809 turns).

ponk the Conjurer (Spriggan Conjurer)               Turns: 2809, Time: 00:10:11

Health: -3/16      AC:  5    Str:  4    XL:     3   Next: 82%
Magic:  3/9        EV: 19    Int: 17    God:
Gold:   150        SH:  0    Dex: 16    Spells: 2 memorised, 6 levels left

rFire  . . .     SeeInvis +     (weapon restricted)
rCold  . . .     Gourm    .     a - +0 robe
rNeg   . . .     Faith    .     (shield restricted)
rPois  .         Spirit   .     (helmet restricted)
rElec  .         Reflect  .     q - +2 cloak
rCorr  .         Harm     .     (gloves unavailable)
MR     +....                    (boots unavailable)
Stlth  ++........               (no amulet)
                                (no ring)
                                m - ring of protection from magic

@: lethally poisoned (-3 -> -6), very slightly contaminated, very quick
A: unfitting armour, see invisible, herbivore 3, speed 3, slow metabolism 2
a: no special abilities


You were on level 4 of the Dungeon.
You were not hungry.

You visited 1 branch of the dungeon, and saw 4 of its levels.

You collected 150 gold pieces.

Inventory:

Armour
 a - a +0 robe (worn)
 n - a +0 cloak
 q - a +2 cloak (worn)
Jewellery
 m - a ring of protection from magic (left hand)
Scrolls
 d - a scroll of teleportation
 f - a scroll of amnesia
 h - a scroll of remove curse {unknown}
Potions
 e - a potion of lignification
 g - a potion of haste {unknown}
 i - 2 potions of brilliance {unknown}
 k - 2 potions of agility
 l - a potion of degeneration {unknown}
 p - a potion of might {unknown}
Books
 b - a book of Conjurations

   Spells                             Type                      Level
   a - Magic Dart                     Conjuration                  1
   b - Searing Ray                    Conjuration                  2
   c - Dazzling Spray                 Conjuration/Hexes            3
   d - Fulminant Prism                Conjuration/Hexes            4
   e - Iskenderun's Mystic Blast      Conjuration                  4
   f - Iskenderun's Battlesphere      Conjuration/Charms           5
Comestibles
 c - 2 bread rations
 j - 14 fruits


   Skills:
 + Level 3.5 Dodging
 + Level 3.1 Stealth
 + Level 3.6 Spellcasting
 + Level 3.6 Conjurations


You had 6 spell levels left.
You knew the following spells:

 Your Spells              Type           Power        Failure   Level  Hunger
a - Magic Dart            Conj           ###.         3%          1    None
b - Searing Ray           Conj           ###...       6%          2    ##.....


Dungeon Overview and Level Annotations

Branches:
Dungeon (3/15)

Altars:
Ashenzari
Zin

Annotations:
D:4 Sigmund


Innate Abilities, Weirdness & Mutations

You are very small and have problems with some larger weapons.
You are too small for most types of armour.
You have supernaturally acute eyesight. (SInv)
You are a herbivore.
You cover ground extremely quickly.
You need consume almost no food.


Message History

The worker ant closely misses you.
Found a scroll labeled CERCHAKLOHIO and 12 gold pieces.
You see here a cloak.
n - a cloak The worker ant bites you.
You are poisoned.
The worker ant poisons you!
You feel sick.
The worker ant bites you but does no damage.
Found a leather armour.
You feel sick.
You see here 5 gold pieces.
The worker ant barely misses you.
A scorpion comes into view.
Found a stone staircase leading down.
You feel sick.
Sigmund points at you and mumbles some strange words.
The puff of flame hits you!
Ouch! That really hurt!
You die...

##### ##..### .....
#...s. ...
.....##8..8##....
.................
.................
.........[.......
.........?..$....
...@...@......<...##
........w..........#
........a..........#####
......#..$......(...##..
>...#.##.............#..
...................#....
..................####..
........................
.......).%..(.....###..


You could see Sigmund, a worm, a scorpion (sleeping) and a worker ant.

Vanquished Creatures
  An adder (D:2)
  3 dart slugs (D:1)
  A leopard gecko (D:1)
  A ball python (D:1)
  A giant cockroach (D:1)
  8 goblins
  3 hobgoblins
  7 jackals (D:1)
  3 kobolds
  A bat (D:1)
  6 frilled lizards
  7 rats
42 creatures vanquished.

Notes
Turn   | Place    | Note
-------+----------+-------------------------------------------
     0 | D:1      | ponk the Spriggan Conjurer began the quest for the Orb.
     0 | D:1      | Reached XP level 1. HP: 9/9 MP: 5/5
   446 | D:1      | Reached XP level 2. HP: 13/13 MP: 2/6
   507 | D:1      | Learned a level 2 spell: Searing Ray
  1180 | D:1      | Reached XP level 3. HP: 16/16 MP: 2/8
  1803 | D:2      | Found a shattered altar of Ashenzari.
  2571 | D:2      | Found a glowing silver altar of Zin.
  2750 | D:3      | You fall through a shaft!
  2789 | D:4      | Noticed Sigmund
  2807 | D:4      | Noticed a scorpion
  2809 | D:4      | Killed from afar by Sigmund

Skill      XL: |  1  2  3 |
---------------+----------+-----
Conjurations   | 3 |  3.6
Spellcasting   | 3 |  3.6
Dodging        | |  3.5
Stealth        | |  3.1

Action                   || total
-------------------------++-------
Melee: Unarmed           ||    29
 Cast: Magic Dart        ||    90
       Searing Ray       ||     6
  Use: Scroll            ||     7
       Potion            ||     1
Armor: Robe              ||     7
Dodge: Dodged            ||    35
